 Dungeon Crawl Stone Soup version 0.25-a0-322-g3677130cb1 (webtiles) character file.

Game seed: 15531693261468762408, levelgen mode: deterministic

4055 night the Grappler (level 10, -8/87 (90) HPs)
             Began as a Ghoul Warper on Dec 27, 2019.
             Was an Initiate of Cheibriados.
             Mangled by a sixfirhy (11 damage)
             ... summoned by a kobold demonologist
             ... on level 9 of the Dungeon.
             The game lasted 00:30:07 (11341 turns).

night the Grappler (Ghoul Warper)                  Turns: 11341, Time: 00:30:07

HP:   -8/87 (90)    AC:  8    Str: 18    XL:     10   Next: 25%
MP:   0/20          EV: 15    Int: 11    God:    Cheibriados [......]
Gold: 364           SH:  0    Dex:  9    Spells: 7/12 levels left

rFire    . . .     SeeInvis .     - Unarmed
rCold    + + .     Gourm    .   (no shield)
rNeg     + + +     Faith    .   e - +0 ring mail
rPois    ∞         Spirit   +   (no helmet)
rElec    .         Reflect  .   h - +2 cloak {+Inv}
rCorr    .         Harm     .   (no gloves)
MR       .....                  (no boots)
Stlth    ..........             G - amulet of guardian spirit
HPRegen  0.00/turn              C - ring of Woamyts {rC+ MP+9}
MPRegen  0.17/turn              o - +4 ring of evasion

@: about to teleport, rotting, very slow
A: rotting body, claws 1, carnivore, cold resistance 1, negative energy
resistance 3, inhibited regeneration, torment resistance, unbreathing
a: Bend Time, Renounce Religion, Evoke Invisibility


You were on level 9 of the Dungeon.
You worshipped Cheibriados.
Cheibriados was noncommittal.
You were not hungry.

You visited 2 branches of the dungeon, and saw 10 of its levels.
You also visited: Sewer.

You collected 364 gold pieces.

Inventory:

Hand Weapons
 b - a +0 shortbow
 I - a +0 arbalest
Missiles
 d - 5 boomerangs of dispersal
 t - 50 sling bullets
 u - 129 stones
 v - 2 throwing nets
 w - 10 poisoned darts (quivered)
 B - 173 arrows
 F - 26 bolts
Armour
 e - a +0 ring mail (worn)
 h - a +2 cloak of invisibility (worn)
Magical Staves
 M - an uncursed staff of energy
Jewellery
 n - a +1 ring of protection
 o - a +4 ring of evasion (right claw)
 z - an uncursed ring of see invisible
 C - the ring of Woamyts (left claw) {rC+ MP+9}
   (You found it on level 8 of the Dungeon)

   [ring of protection from cold]

   It protects you from cold.
   It affects your magic capacity (+9).
 G - an amulet of guardian spirit (around neck)
 L - a +2 ring of strength
Wands
 J - a wand of polymorph (15)
 K - a wand of enslavement (9)
Scrolls
 c - 4 scrolls of blinking
 i - 6 scrolls of identify
 q - 2 scrolls of amnesia
 s - 2 scrolls of fear
 y - 3 scrolls of enchant weapon {unknown}
 D - a scroll of magic mapping {unknown}
 H - a scroll of remove curse
Potions
 a - a potion of lignification {unknown}
 g - 2 potions of cancellation
 j - 4 potions of curing {unknown}
 k - a potion of invisibility {unknown}
 l - 3 potions of heal wounds {unknown}
 m - a potion of brilliance {unknown}
 p - 2 potions of flight {unknown}
 r - a potion of degeneration {unknown}
 A - a potion of resistance {unknown}
 E - a potion of might {unknown}
Comestibles
 f - 21 rations


   Skills:
 + Level 8.6 Fighting
 - Level 0.8 Throwing
 - Level 0.8 Armour
 - Level 1.7 Dodging
 * Level 11.8 Unarmed Combat
 - Level 1.7 Spellcasting
 + Level 6.1 Translocations


You had 7 spell levels left.
You knew the following spells:

 Your Spells              Type           Power        Failure   Level  Hunger
a - Blink                 Tloc           N/A          6%          2    ###....
b - Lesser Beckoning      Tloc           ##........   13%         3    ####...

Your spell library contained the following spells:

 Spells                   Type           Power        Failure   Level  Hunger
 Gell's Gravitas          Tloc           ##........   13%         3    ####...
 Teleport Other           Tloc           ##......     13%         3    ####...
 Shroud of Golubria       Chrm/Tloc      #.....       22%         2    ###....
 Passage of Golubria      Tloc           N/A          38%         4    #####..


Dungeon Overview and Level Annotations

Branches:
Dungeon (9/15)             Temple (1/1) D:7            Lair (0/6) D:8
  Sewer (visited)
    Orc: D:9-12

Altars:
Ashenzari
Cheibriados
Dithmenos
Elyvilon
Fedhas
Gozag
Hepliaklqana
Kikubaaqudgha
Makhleb
Nemelex Xobeh
Okawaru
Qazlal
Ru
Sif Muna
Trog
Uskayaw
Vehumet
Wu Jian
Xom
Yredelemnul
Zin
The Shining One

Shops:
D:4 [


Innate Abilities, Weirdness & Mutations

Your body is rotting away.
You thrive on raw meat.
You are immune to poison.
You have sharp fingernails.
You are carnivorous and can eat meat at any time.
Your flesh is cold resistant. (rC+)
You are immune to negative energy. (rN+++)
You do not regenerate when monsters are visible.
You are immune to unholy pain and torment.
You can survive without breathing.


Message History

Confirm with . or Enter, or press ? or * to list all spells.
You blink.
The ufetubus disappears in a puff of smoke!
The white imp is engulfed in a cloud of scalding steam.
The kobold demonologist is engulfed in a cloud of scalding steam.
The kobold demonologist casts a cantrip, but nothing happens.
The white imp closely misses you.
The quasit bites you but does no damage.
The quasit closely misses you.
The quasit claws you but does no damage.
Found 24 stones.
The sixfirhy hits you!
* * * LOW HITPOINT WARNING * * *
The sixfirhy shocks you!
* * * LOW HITPOINT WARNING * * *
As you read the scroll of teleportation, it crumbles to dust.
You feel strangely unstable. The sixfirhy hits you!
* * * LOW HITPOINT WARNING * * *
The sixfirhy shocks you!
You die...

...........
...<..###.. .....>#
....#....
....#........
....#........
.####+###... .#
#......# #####
.###......######@..#
.............353...#
####.........(3K...#
.............5.....#
......().(55.K.....#
.....###..54###....#
.....# #....# #....#
###### #....# #....#
#....# #....#


You could see a soul eater, 2 kobold demonologists, a sixfirhy, a smoke demon, a
chaos spawn, an iron imp, 2 quasits and 2 white imps.

Vanquished Creatures
  A troll (D:8)
  A wyvern (D:8)
  A water moccasin (D:8)
  2 sky beasts
  2 ice beasts
  3 orc warriors
  4 black bears
  4 ogres
  3 wolves (D:8)
  3 centaurs
  A big kobold (D:9)
  6 bullfrogs
  3 howler monkeys
  5 electric eels (D:8)
  3 crimson imps
  A bullfrog zombie (D:7)
  3 jellies (D:8)
  A bullfrog skeleton (D:5)
  6 orc wizards
  2 orc priests (D:7)
  5 hounds
  An iguana (D:7)
  A worker ant (D:7)
  A howler monkey skeleton (D:7)
  A river rat (D:5)
  13 adders
  A shadow imp (D:5)
  5 oozes (D:8)
  3 worms
  2 dart slugs
  6 leopard geckos
  22 orcs
  A ball python (D:2)
  14 bats
  8 giant cockroaches
  10 goblins
  5 hobgoblins
  6 jackals
  11 kobolds
  7 quokkas
  4 frilled lizards
  2 gnoll zombies (D:6)
  A quokka zombie (D:7)
  6 rats
191 creatures vanquished.

Notes
Turn   | Place    | Note
-------+----------+-------------------------------------------
     0 | D:1      | night the Ghoul Warper began the quest for the Orb.
     0 | D:1      | Reached XP level 1. HP: 17/17 MP: 2/2
   233 | D:1      | Reached XP level 2. HP: 23/25 MP: 3/3
   368 | D:1      | Reached skill level 3 in Unarmed Combat
   457 | D:1      | Learned a level 2 spell: Blink
   720 | D:1      | Reached XP level 3. HP: 30/30 MP: 4/4
  1427 | D:2      | Reached skill level 4 in Unarmed Combat
  1443 | D:2      | Reached XP level 4. HP: 36/38 MP: 5/5
  2524 | D:3      | Reached XP level 5. HP: 34/45 MP: 6/6
  2570 | D:3      | Found a glowing golden altar of the Shining One.
  2779 | D:4      | Found Bico Gujy's Armour Shop.
  3217 | D:4      | Reached skill level 5 in Unarmed Combat
  3826 | D:5      | Entered Level 5 of the Dungeon
  3826 | D:5      | Noticed an ice beast
  3848 | D:4      | Killed an ice beast
  3848 | D:4      | Reached XP level 6. HP: 37/53 MP: 7/7
  3936 | D:5      | Reached skill level 6 in Unarmed Combat
  4095 | D:5      | Found a glowing drain.
  4099 | Sewer    | Entered a sewer
  4592 | D:5      | Reached XP level 7. HP: 56/59 MP: 8/8
  4616 | D:5      | Reached skill level 5 in Fighting
  4616 | D:5      | Reached skill level 7 in Unarmed Combat
  4780 | D:5      | Learned a level 3 spell: Lesser Beckoning
  5604 | D:5      | Reached skill level 8 in Unarmed Combat
  5604 | D:5      | Reached XP level 8. HP: 26/68 MP: 9/9
  6501 | D:6      | Found a basalt altar of Yredelemnul.
  6725 | D:6      | Reached skill level 9 in Unarmed Combat
  7194 | D:7      | Found a staircase to the Ecumenical Temple.
  7225 | D:7      | Got a shimmering dagger
  7226 | D:7      | Identified the +9 dagger "Efyesi" {pain, Fragile rElec rN+}
                  | (You found it on level 7 of the Dungeon)
  7263 | D:7      | Reached XP level 9. HP: 54/78 MP: 4/10
  7447 | D:8      | Noticed a troll
  7980 | D:8      | Reached skill level 10 in Unarmed Combat
  8072 | D:8      | Reached skill level 5 in Translocations
  8457 | D:8      | Killed a troll
  8943 | D:8      | Reached skill level 11 in Unarmed Combat
  9569 | D:8      | Reached XP level 10. HP: 86/87 MP: 11/11
  9592 | D:8      | Got a wavering marble ring
  9594 | D:8      | Identified the ring of Woamyts {rC+ MP+9} (You found it on
                  | level 8 of the Dungeon)
 10714 | D:8      | Found a staircase to the Lair.
 10839 | Temple   | Entered the Ecumenical Temple
 11010 | Temple   | Became a worshipper of Cheibriados the Contemplative
 11146 | D:8      | Found an ornate altar of the Wu Jian Council.
 11327 | D:9      | Noticed a kobold demonologist
 11327 | D:9      | Noticed a kobold demonologist
 11331 | D:9      | Noticed a soul eater
 11333 | D:9      | Noticed a sixfirhy
 11333 | D:9      | Noticed a smoke demon
 11341 | D:9      | HP: 3/87 [sixfirhy[a kobold demonologist] (6)]
 11341 | D:9      | Mangled by a sixfirhy

Levels and vault maps discovered:
D:1:      saegor_arrival_simple_c, layout_basic, serial_bayou,
          serial_bayou_pond_a, serial_bayou_shore_b, serial_bayou_ford_a,
          serial_bayou_shore_a, minmay_3d_cube
D:2:      layout_basic, serial_curves, eino_curves_04, eino_curves_04,
          minmay_diced_spiral
D:3:      layout_loops_ring, nicolae_tso_swordbearing_angel
D:4:      layout_layer_cave, first_ration, serial_shops,
          nicolae_shop_statue_plus
D:5:      layout_cave_pods, serial_glass, glass_columns_b, glass_columns_a,
          gup_sewer_entry_spiral
D:6:      layout_loops_corners, lemuel_zombie_altar_yredelemnul, minivault_1
D:7:      layout_cave_pods, minmay_temple_entry_from_below_a
D:8:      layout_rooms, erik_lair_island, basic_altar,
          hangedman_little_slice_of_home
D:9:      layout_basic, minmay_misc_feat_ornament
Temple:   minmay_crystal_snake_temple

Skill      XL: |  1  2  3  4  5  6  7  8  9 10 |
---------------+-------------------------------+-----
Unarmed Combat | 3 4 5 6 8 9 11 | 11.8
Fighting       | 3 4 5 6 8 |  8.6
Translocations | 3 4 5 6 |  6.1
Throwing       | |  0.8
Armour         | |  0.8
Dodging        | |  1.7
Spellcasting   | |  1.7

Action                   |  1- 3 |  4- 6 |  7- 9 | 10-12 || total
-------------------------+-------+-------+-------+-------++-------
Melee: Unarmed           |   119 |   364 |   396 |    53 ||   932
       Punch             |     1 |       |    11 |     5 ||    17
 Fire: Shortbow          |       |       |    25 |    38 ||    63
Throw: Dart              |       |       |     1 |     2 ||     3
 Cast: Blink             |       |       |     6 |     1 ||     7
 Abil: Evoke Invisibilit |       |     1 |     1 |       ||     2
  Use: Scroll            |       |     3 |     6 |     1 ||    10
 Stab: Invisible         |       |     1 |       |       ||     1
  Eat: Chunk             |     2 |    10 |    27 |     5 ||    44
Armor: Ring mail         |    50 |   140 |   109 |    16 ||   315
       Leather armour    |     2 |       |       |       ||     2
Dodge: Dodged            |    56 |   340 |   330 |    46 ||   772

Table legend:
 A = Non-vault XP
 B = Vault XP
 C = Vault XP percentage of total XP
 D = Non-vault monster count
 E = Vault monster count
 F = Vault count percentage of total count
                 A         B        C        D         E       F
            +---------+---------+-------+---------+---------+-------
      Total |    4783 |    1011 |  17.4 |     145 |      46 |  24.1
            +---------+---------+-------+---------+---------+-------
        D:1 |      53 |       5 |   8.6 |      23 |       3 |  11.5
        D:2 |      46 |       7 |  13.2 |      11 |       4 |  26.7
        D:3 |      60 |       0 |   0.0 |      15 |       0 |   0.0
        D:4 |     230 |       0 |   0.0 |      13 |       0 |   0.0
        D:5 |     936 |      27 |   2.8 |      22 |       7 |  24.1
        D:6 |     655 |       2 |   0.3 |       9 |       2 |  18.2
        D:7 |     953 |       0 |   0.0 |      29 |       0 |   0.0
        D:8 |    1322 |     946 |  41.7 |      17 |      15 |  46.9
        D:9 |     528 |       0 |   0.0 |       6 |       0 |   0.0
      Sewer |       0 |      24 | 100.0 |       0 |      15 | 100.0
            +---------+---------+-------+---------+---------+-------
